 Dungeon Crawl Stone Soup version 0.31.0-11-ge490571c62 (webtiles) character file.

Game seed: 15752740896222818276

2971124 grumposus the Slayer (level 26, 276/276 HPs)
             Began as a Minotaur Fighter on Jan 28, 2024.
             Was the Champion of Makhleb.
             Escaped with the Orb
             ... and 4 runes!
             The game lasted 01:05:49 (48023 turns).

grumposus the Slayer (Minotaur Fighter)            Turns: 48023, Time: 01:05:50

Health: 276/276    AC: 45    Str: 36    XL:     26   Next: 67%
Magic:  34/34      EV: 28    Int:  3    God:    Makhleb [******]
Gold:   3535       SH: 25    Dex: 13    Spells: 25/25 levels left

rFire   + + .        a - +9 broad axe (spect)
rCold   + + .        r - +2 shield of Resistance {rF++ rC++ Will++}
rNeg    + + .        m - +13 plate armour "Caovviadgh" {rN+ Dex+3 Stlth+}
rPois   +            (helmet restricted)
rElec   +            p - +2 cloak {rPois}
rCorr   +            y - +2 pair of gloves {Str+3}
SInv    .            P - +2 pair of boots {Fly}
Will    +++..        G - brooch of Shielding {Spirit SH+8} Stlth
                     Q - ring "Koazxeb" {rElec EV+5}
HPRegen 0.66/turn    S - ring of Wuetizi {Fly rN+ rCorr EV+5 Slay+2}
MPRegen 0.24/turn

%: guardian spirit
@: flying
A: horns 2, retaliatory headbutt, dopey 1, mutation resistance 1, robust 1,
subdued magic 1
0: Orb of Zot
}: 4/15 runes: decaying, slimy, silver, gossamer
a: Renounce Religion, Minor Destruction, Lesser Servant of Makhleb, Major
Destruction, Greater Servant of Makhleb


You escaped.
You worshipped Makhleb.
Makhleb was exalted by your worship.
You visited 11 branches of the dungeon, and saw 53 of its levels.
You visited the Abyss 1 time.
You visited 2 bazaars.
You also visited: Sewer, Volcano and Desolation.

You collected 7045 gold pieces.
You spent 3510 gold pieces at shops.


Innate Abilities, Weirdness & Mutations

You have a pair of horns on your head.
You reflexively headbutt those who attack you in melee.
You are dopey. (Int -2)
You are somewhat resistant to further mutation.
You are robust. (+10% HP)
Your spells are a little easier to cast, but a little less powerful.


   Skills:
 + Level 23.5 Fighting
 + Level 20.4 Axes
 - Level 16.0 Throwing
 + Level 23.3 Armour
 + Level 21.2 Dodging
 - Level 21.2 Shields
 - Level 16.5 Invocations
 + Level 14.1 Evocations


You had 25 spell levels left.
You didn't know any spells.
Your spell library contained the following spells:

 Spells                   Type           Power      Damage    Failure   Level
 Apportation              Tloc           0%         N/A       87%         1
 Magic Dart               Conj           0%         1d3       87%         1
 Necrotise                Necr           0%         1d4       87%         1
 Sting                    Conj/Alch      0%         1d3       87%         1
 Summon Small Mammal      Summ           0%         N/A       87%         1
 Blink                    Tloc           0%         N/A       95%         2
 Call Imp                 Summ           0%         N/A       95%         2
 Cigotuvi's Dreadful Rot  Necr/Alch/Air  0%         N/A       95%         2
 Ensorcelled Hibernation  Hex/Ice        0%         N/A       95%         2
 Jinxbite                 Hex            0%         N/A       95%         2
 Lesser Beckoning         Tloc           0%         N/A       95%         2
 Mercury Vapours          Alch/Air       0%         N/A       95%         2
 Momentum Strike          Conj/Tloc      0%         3d8       95%         2
 Scorch                   Fire           0%         2d5       95%         2
 Searing Ray              Conj           0%         2d4       95%         2
 Static Discharge         Conj/Air       0%         3-3/arc   95%         2
 Sublimation of Blood     Necr           0%         N/A       95%         2
 Call Canine Familiar     Summ           0%         N/A       99%         3
 Dazzling Flash           Conj/Hex       0%         N/A       99%         3
 Frozen Ramparts          Ice            0%         1d1       99%         3
 Fugue of the Fallen      Necr           0%         N/A       99%         3
 Gell's Gravitas          Tloc           0%         N/A       99%         3
 Hailstorm                Conj/Ice       0%         3d5       99%         3
 Inner Flame              Hex/Fire       0%         N/A       99%         3
 Mephitic Cloud           Conj/Alch/Air  0%         N/A       99%         3
 Ozocubu's Armour         Ice            0%         N/A       99%         3
 Passwall                 Erth           0%         N/A       99%         3
 Stone Arrow              Conj/Erth      0%         3d7       99%         3
 Summon Ice Beast         Ice/Summ       0%         N/A       99%         3
 Swiftness                Air            0%         N/A       99%         3
 Teleport Other           Tloc           0%         N/A       99%         3
 Tukima's Dance           Hex            0%         N/A       99%         3
 Volatile Blastmotes      Fire/Tloc      0%         2d10      99%         3
 Airstrike                Air            0%         2d(0-16)  100%        4
 Anguish                  Hex/Necr       0%         N/A       100%        4
 Animate Armour           Summ/Erth      0%         N/A       100%        4
 Animate Dead             Necr           0%         N/A       100%        4
 Cause Fear               Hex            0%         N/A       100%        4
 Dimensional Bullseye     Hex/Tloc       0%         N/A       100%        4
 Flame Wave               Conj/Fire      0%         2d4       100%        4
 Fulminant Prism          Conj/Alch      0%         3d5       100%        4
 Ignite Poison            Fire/Alch      0%         N/A       100%        4
 Iskenderun's Mystic Bla  Conj/Tloc      0%         2d3       100%        4
 Leda's Liquefaction      Alch/Erth      0%         N/A       100%        4
 Martyr's Knell           Necr/Summ      0%         N/A       100%        4
 Passage of Golubria      Tloc           0%         N/A       100%        4
 Petrify                  Alch/Erth      0%         N/A       100%        4
 Sticky Flame             Fire/Alch      0%         2d4       100%        4
 Summon Lightning Spire   Summ/Air       0%         N/A       100%        4
 Alistair's Intoxication  Alch           0%         N/A       100%        5
 Arcjolt                  Conj/Air       0%         1d10      100%        5
 Borgnjor's Vile Clutch   Necr/Erth      0%         N/A       100%        5
 Curse of Agony           Necr           0%         N/A       100%        5
 Fireball                 Conj/Fire      0%         3d3       100%        5
 Freezing Cloud           Conj/Ice/Air   0%         6-21      100%        5
 Irradiate                Conj/Alch      0%         3d11      100%        5
 Iskenderun's Battlesphe  Conj           0%         2d6       100%        5
 Metabolic Englaciation   Hex/Ice        0%         N/A       100%        5
 Silence                  Hex/Air        0%         N/A       100%        5
 Summon Forest            Summ/Tloc      0%         N/A       100%        5
 Summon Mana Viper        Hex/Summ       0%         N/A       100%        5
 Yara's Violent Unravell  Hex/Alch       0%         3d3       100%        5
 Bombard                  Conj/Erth      0%         9d1       100%        6
 Conjure Ball Lightning   Conj/Air       0%         3x3d6     100%        6
 Death Channel            Necr           0%         N/A       100%        6
 Dispersal                Tloc           0%         N/A       100%        6
 Eringya's Noxious Bog    Alch           0%         4d6       100%        6
 Plasma Beam              Fire/Air       0%         2x1d10    100%        6
 Sculpt Simulacrum        Ice/Alch       0%         N/A       100%        6
 Starburst                Conj/Fire      0%         6d3       100%        6
 Summon Cactus Giant      Summ           0%         N/A       100%        6
 Enfeeble                 Hex            0%         N/A       100%        7
 Haunt                    Necr/Summ      0%         N/A       100%        7
 Orb of Destruction       Conj           0%         9d5       100%        7
 Ozocubu's Refrigeration  Ice            0%         4d7       100%        7
 Spellforged Servitor     Conj/Summ      0%         N/A       100%        7
 Summon Hydra             Summ           0%         N/A       100%        7
 Borgnjor's Revivificati  Necr           0%         N/A       100%        8
 Discord                  Hex            0%         N/A       100%        8
 Disjunction              Tloc           0%         N/A       100%        8
 Ignition                 Fire           0%         3d3       100%        8
 Infestation              Necr           0%         N/A       100%        8
 Maxwell's Capacitive Co  Air            0%         ∞         100%        8
 Chain Lightning          Conj/Air       0%         N/A       100%        9
 Death's Door             Necr           0%         N/A       100%        9
 Dragon's Call            Summ           0%         N/A       100%        9
 Fire Storm               Conj/Fire      0%         5d1       100%        9
 Polar Vortex             Ice            0%         N/A       100%        9
 Shatter                  Erth           0%         3d5*      100%        9

Inventory:

Hand Weapons
 a - a +9 spectral broad axe (weapon)
   (You found it on level 6 of the Dungeon)
 b - a +2 flail of protection
   (You took it off a gnoll sergeant on level 5 of the Dungeon)
 F - the +2 glaive "Tyuskif" {elec, rC++}
   (You found it on level 5 of the Realm of Zot)

   rC++:      It greatly protects you from cold.
 Y - a +2 battleaxe of flaming
   (You found it in a volcano)
Missiles
 d - 5 throwing nets {=f!f}
 l - 27 boomerangs
 s - 12 javelins (quivered)
 u - a curare-tipped dart {=f}
Armour
 m - the +13 plate armour "Caovviadgh" (worn) {rN+ Dex+3 Stlth+}
   (You acquired it on level 2 of the Dungeon)

   Dex+3:     It affects your dexterity (+3).
   rN+:       It protects you from negative energy.
   Stlth+:    It makes you more stealthy.
 p - a +2 cloak of poison resistance (worn)
   (You took it off Nikola on level 1 of the Swamp)
 r - the +2 shield of Resistance (worn) {rF++ rC++ Will++}
   (You took it off an efreet on level 9 of the Dungeon)

   rF++:      It greatly protects you from fire.
   rC++:      It greatly protects you from cold.
   Will++:    It greatly increases your willpower.
 y - a +2 pair of gloves of strength (worn)
   (You found it in the Desolation of Salt)
 P - a +2 pair of boots of flying (worn)
   (You found it on level 4 of the Spider Nest)
Jewellery
 v - the ring of Trepidation {Fly SInv}
   (You found it on level 5 of the Pits of Slime)

   [ring of see invisible]

   SInv:      It lets you see invisible.
   Fly:       It grants you flight.
 E - the ring of Ruug {Will+ Dex+6}
   (You found it on level 2 of the Spider Nest)

   [ring of dexterity]

   Dex+6:     It affects your dexterity (+6).
   Will+:     It increases your willpower.
 G - the brooch of Shielding (around neck) {Spirit SH+8}
   (You found it on level 5 of the Pits of Slime)

   [amulet of guardian spirit]

   Spirit:    It causes incoming damage to be divided between your reserves of
   health and magic.
   SH+8:      It affects your SH (+8).
 Q - the ring "Koazxeb" (left hand) {rElec EV+5}
   (You found it in the Desolation of Salt)

   [ring of evasion]

   EV+5:      It affects your evasion (+5).
   rElec:     It insulates you from electricity.
 S - the ring of Wuetizi (right hand) {Fly rN+ rCorr EV+5 Slay+2}
   (You found it in the Desolation of Salt)

   [ring of evasion]

   EV+5:      It affects your evasion (+5).
   Slay+2:    It affects your accuracy & damage with ranged weapons and melee
   (+2).
   rN+:       It protects you from negative energy.
   Fly:       It grants you flight.
   rCorr:     It protects you from acid and corrosion.
Wands
 f - a wand of iceblast (30)
   (You found it on level 11 of the Dungeon)
 x - a wand of mindburst (50)
   (You found it on level 6 of the Dungeon)
 C - a wand of digging (19)
   (You found it on level 7 of the Dungeon)
 X - a wand of quicksilver (50)
   (You found it on level 2 of the Lair of Beasts)
 Z - a wand of flame (61)
   (You found it on level 1 of the Lair of Beasts)
Scrolls
 o - 6 scrolls of enchant armour
 q - a scroll of summoning
 t - 4 scrolls of fear
 A - 11 scrolls of blinking {!r}
 B - 20 scrolls of teleportation {@r4}
 J - 5 scrolls of immolation {!r!r}
 K - 7 scrolls of poison {!r}
 L - 11 scrolls of fog
 M - 4 scrolls of silence {!r}
Potions
 c - 2 potions of berserk rage {!q}
 e - 11 potions of enlightenment
 g - 31 potions of curing {@q1}
 h - 6 potions of degeneration {!q}
 i - 7 potions of attraction {!q}
 j - 7 potions of brilliance
 k - 7 potions of mutation {!q}
 n - 4 potions of invisibility
 w - 14 potions of heal wounds {@q2}
 z - 8 potions of ambrosia
 D - 5 potions of lignification {!q}
 I - 6 potions of magic
 O - 8 potions of cancellation
 U - 3 potions of might
 V - 6 potions of haste {@q3}
 W - 5 potions of resistance
Miscellaneous
 H - a condenser vane
   (You found it in the Desolation of Salt)
 N - a box of beasts
   (You found it on level 2 of the Spider Nest)
 R - a lightning rod (4/4)
   (You found it on level 9 of the Dungeon)
 T - a phantom mirror
   (You found it on level 5 of the Vaults)

Dungeon Overview and Level Annotations

Branches:
Dungeon (15/15)            Temple (1/1) D:6            Lair (5/5) D:8
  Swamp (4/4) Lair:2       Spider (4/4) Lair:3        Slime (5/5) Lair:4
    Orc (2/2) D:10            Elf (3/3) Orc:2        Vaults (5/5) D:14
  Crypt (0/3) Vaults:3     Depths (4/4) D:15            Zot (5/5) Depths:4
  Sewer (visited)         Volcano (visited)         Desolation (visited)

Altars:
Ashenzari
Cheibriados
Dithmenos
Elyvilon
Fedhas
Gozag
Hepliaklqana
Kikubaaqudgha
Makhleb
Nemelex Xobeh
Okawaru
Qazlal
Ru
Sif Muna
Trog
Uskayaw
Vehumet
Wu Jian
Xom
Yredelemnul
Zin
The Shining One

Shops:
D:15 !   Orc:2 ((!=[**   Elf:3 *:([!   Vaults:2 (   Vaults:4 ((   Depths:2 [*:(

Portals:
Hell: Depths:1 Depths:2 Depths:3 Depths:4
Abyss: Depths:1 Depths:3
Pandemonium: Depths:2
Ziggurat: Depths:1

Annotations:
D:1 1 transporter
D:3 3 runed translucent doors, browni3141's ghost, weakling MiFi
D:10 3 runed translucent doors, puppykicker's ghost, journeyman HORe
Lair:4 2 transporters, Aricsoirch's ghost, journeyman GrFi
Swamp:3 exclusion: downstairs
Spider:4 Mara
Vaults:4 36 runed translucent doors
Depths:3 3 runed translucent doors, Plog's ghost, adept DgCj; Viocziel's ghost, adept TrMo; grumposus's ghost, adept MiFi

##........................###
#####.........>.......####..)....
.............####.###.# #....###
.(.....)....## #.# #.####....#
##........#######.###.........#
#.####...# #.....##..........#
#.# ##### #.##[#.#.......#..# #.#
#.#.#.##....####..# ##.#
#..#@###....# #..# ...#
###.#©##©...# #..# ####
#.#############..# .#
##########.##....### .#
#..^.##........#.... .#
#....##.....#..##### .#
#....##.....#..# # .#
#....#....###..# # ## #.#.###...#
#.>#####


There were no monsters in sight!


Message History

You see here a +0 flail.
Things that are here:
a +0 scale mail; a +3 vampiric spear You see here a +0 flail.
You slice the Orb Guardian like a ripe choko!!!
You headbutt the Orb Guardian.
Your +9 spectral broad axe closely misses the Orb Guardian.
The Orb Guardian hits you but does no damage.
You slash the Orb Guardian!
You headbutt the Orb Guardian, but do no damage.
Your +9 spectral broad axe hits the Orb Guardian!!
You kill the Orb Guardian!
Makhleb accepts your kill.
What level of the Dungeon? (default 1, ? - help)
Your +9 spectral broad axe disappears.
Things that are here:
a +0 spear; a +0 club
There is a stone staircase leading up here.
You fly upwards.
Level annotation: 3 runed translucent doors, puppykicker's ghost, journeyman HORe
There is a stone staircase leading down here.
There is a stone staircase leading up here.
You fly upwards.
There is a stone staircase leading down here.
There is a stone staircase leading up here.
You fly upwards.
There is a stone staircase leading down here.
There is a stone staircase leading up here.
You fly upwards.
A Brimstone Fiend comes into view.
There is a stone staircase leading down here.
You block the Brimstone Fiend's attack. x2
The Brimstone Fiend completely misses you.
You slice the Brimstone Fiend!!
Your headbutt misses the Brimstone Fiend.
Your +9 spectral broad axe hits the Brimstone Fiend!
You open the Brimstone Fiend like a pillowcase!!!
You headbutt the Brimstone Fiend!
Your +9 spectral broad axe hits the Brimstone Fiend!!
You kill the Brimstone Fiend!
Makhleb accepts your kill.
Your +9 spectral broad axe disappears.
What level of the Dungeon? (default 1, ? - help)
There is a stone staircase leading up here.
You fly upwards.
There is a stone staircase leading down here.
There is a stone staircase leading up here.
You see here a +0 ring mail.
There is a stone staircase leading up here.
You fly upwards.
There is a stone staircase leading down here.
A sixfirhy comes into view.
You slash the sixfirhy! You miss the sixfirhy. You slice the sixfirhy!!
You barely miss the sixfirhy. You headbutt the sixfirhy.
The sixfirhy misses you. You block the sixfirhy's attack.
You slice the sixfirhy!!
You kill the sixfirhy!
Makhleb accepts your kill.
There is an open door here.
What level of the Dungeon? (default 1, ? - help)
A hellion comes into view.
The hellion gives a hideous shriek!
There is a stone staircase leading up here.
You fly upwards.
There is a stone staircase leading down here.
What level of the Dungeon? (default 1, ? - help)
There is a stone staircase leading up here.
You fly upwards.
Level annotation: 3 runed translucent doors, browni3141's ghost, weakling MiFi
There is a stone staircase leading down here.
A large abomination comes into view.
The large abomination barely misses you.
You slash the large abomination!
Your +9 spectral broad axe hits the large abomination.
You slice the large abomination!! You headbutt the large abomination!
You destroy the large abomination!
Makhleb accepts your kill.
Your +9 spectral broad axe disappears.
What level of the Dungeon? (default 1, ? - help)
There is a stone staircase leading up here.
You fly upwards.
There is a stone staircase leading down here.
A soul eater comes into view.
You slice the soul eater!!
Your +9 spectral broad axe hits the soul eater but does no damage.
You slash the soul eater! Your headbutt misses the soul eater.
Your +9 spectral broad axe hits the soul eater but does no damage.
You slice the soul eater!!
You kill the soul eater!
Makhleb accepts your kill.
Your +9 spectral broad axe disappears.
What level of the Dungeon? (default 1, ? - help)
There is a stone staircase leading up here.
You fly upwards.
Level annotation: 1 transporter
There is a stone staircase leading down here.
There is a staircase leading out of the dungeon here.
You have escaped!

Skill      XL: |  1  2  3  4  5  6  7  8  9 10 11 12 13 14 15 16 17 18 19 20 21 22 23 24 25 26 |
---------------+-------------------------------------------------------------------------------+-----
Axes           | 3 4 5 7 8 10 12 13 15 16 17 18 19 20 | 20.4
Dodging        | 1 2 3 4 6 7 8 9 10 11 12 13 14 15 16 17 18 19 20 21 | 21.2
Fighting       | 4 5 6 8 9 10 11 12 13 14 15 16 17 18 19 20 21 22 23 | 23.5
Shields        | 4 5 6 7 9 10 11 12 13 14 15 16 17 18 19 20 21 | 21.2
Armour         | 4 5 6 7 9 10 11 12 13 14 15 16 17 18 19 20 21 22 23 | 23.3
Invocations    | 2 4 6 7 9 10 11 12 13 14 15 16 | 16.5
Throwing       | 4 6 7 8 10 11 12 13 14 15 16 | 16.0
Evocations     | 3 5 6 7 8 10 11 12 13 14 | 14.1

Action                     |  1- 3 |  4- 6 |  7- 9 | 10-12 | 13-15 | 16-18 | 19-21 | 22-24 | 25-27 || total
---------------------------+-------+-------+-------+-------+-------+-------+-------+-------+-------++-------
  Melee: War axe           |    60 |   113 |   376 |   217 |       |       |       |       |       ||   766
         Headbutt          |     5 |    18 |    58 |   116 |   183 |   214 |   274 |   303 |   190 ||  1361
         Broad axe         |       |       |       |   264 |   804 |   751 |   899 |  1016 |   523 ||  4257
         Mace              |       |       |       |     3 |       |       |       |       |       ||     3
         Flail             |       |       |       |       |    35 |    45 |       |       |       ||    80
  Throw: Javelin           |       |       |       |       |       |       |       |       |     4 ||     4
  Evoke: Wand              |       |       |       |       |       |     2 |       |       |     1 ||     3
    Use: Scroll            |     2 |    10 |     9 |    10 |     8 |     6 |     4 |     5 |     7 ||    61
         Potion            |       |       |     1 |     3 |       |     6 |       |     3 |     6 ||    19
   Stab: Petrified         |       |       |       |       |     9 |       |       |       |       ||     9
         Petrifying        |       |       |       |       |     1 |       |       |       |       ||     1
         Distracted        |       |       |       |       |     4 |    12 |    18 |    27 |    12 ||    73
         Invisible         |       |       |       |       |       |       |       |     6 |       ||     6
 Armour: Scale mail        |    42 |    45 |       |       |       |       |       |       |       ||    87
         Plate armour      |       |    45 |   188 |   311 |   422 |   593 |   363 |   421 |   163 ||  2506
  Dodge: Dodged            |    30 |    55 |   212 |   224 |   316 |   509 |   359 |   451 |   206 ||  2362
  Block: Buckler           |    19 |    31 |   135 |   190 |       |       |       |       |       ||   375
         Reflection        |       |       |     3 |    13 |    16 |       |       |       |       ||    32
         Kite shield       |       |       |       |   148 |   608 |   610 |   494 |   552 |   296 ||  2708

Levels and vault maps discovered:
D:1:      spicycebolla_arrival_risky_transporter, layout_loops_ring,
          basic_ecumenical_altar
D:2:      layout_basic, serial_rivers, chequers_serial_rivers_room_b,
          chequers_serial_rivers_room_a, chequers_serial_rivers_micro_e,
          chequers_serial_rivers_micro_d, minmay_joined_circles, uniq_terence
D:3:      layout_basic, mainiacjoe_overflow_alcove_2, ebering_ghost_gozag
D:4:      layout_basic, makhleb_altar_promises_db, uniq_blork_the_orc
D:5:      layout_basic
D:6:      layout_basic, amcnicky_altar_gilded,
          minmay_temple_entry_statues_pillars, portal_sewer_entry_c,
          gammafunk_ghost_icy
D:7:      layout_basic
D:8:      layout_rooms, mainiacjoe_overflow_alcove_4,
          mainiacjoe_overflow_boulevard
D:9:      minmay_the_grid_triangle_9x9_recursive_2
          [minmay_the_grid_triangle_9x9_prize_schism,
          minmay_the_grid_triangle_9x9_windchime,
          minmay_the_grid_triangle_9x9_swiss_cheese,
          minmay_the_grid_triangle_9x9_dagger], layout_rooms,
          mainiacjoe_overflow_paths, mainiacjoe_overflow_small_starburst,
          uniq_erolcha
D:10:     layout_cave_pools, mainiacjoe_overflow_surrounded_room,
          lemuel_round_altar, zombieorc2_lemuel, gammafunk_ghost_split,
          mumra_transporter_accident, minmay_circle_x, uniq_nergalle
D:11:     layout_irregular_city, uniq_maurice
D:12:     layout_roguey, fake_guardian_serpent_vault
D:13:     layout_loops_corners, minmay_fractal_squares_diagonal_5, uniq_urug
D:14:     layout_rooms, david_vaults_5, okawaru_ov_weapons_minmay,
          gammafunk_ghost_necromancy
D:15:     gammafunk_depths_entry_grave, layout_loops_ring, serial_shops,
          bzr_firewalk, nicolae_shop_just_a_little_nook, nicolae_water_bricks,
          nicolae_tso_swordbearing_angel
Temple:   nicolae_temple_bog_church
Lair:1:   layout_gridlike, nicolae_volcano_entry_vermiform,
          chequers_serial_rivers_micro_e
Lair:2:   layout_hall_layers, alex1729_swamp_entry_worm_eleionoma, basic_altar,
          grunt_megastairs_3, uniq_amaemon
Lair:3:   layout_gridlike, spider_nest_entry_web_field, serial_bayou,
          serial_bayou_lake_a, serial_bayou_pond_d, serial_bayou_pond_c,
          serial_bayou_lagoon_a, serial_bayou_ford_a
Lair:4:   layout_hall_layers, nicolae_slime_entry_field_trip,
          gammafunk_ghost_berserking_beasts, uniq_josephine
Lair:5:   evilmike_catoblepas_cave, layout_gridlike,
          chequers_serial_rivers_marsh
Swamp:1:  layout_basic_swamp, evilmike_swamp_ruin_house_6, swamp_pool_4,
          uniq_nikola
Swamp:2:  layout_basic_swamp, serial_swamp_ruin, evilmike_swamp_ruin_rubble_1,
          evilmike_swamp_ruin_house_2, swamp_pool_1_2
Swamp:3:  cheibrodos_swamp_tower_of_moss, layout_basic_swamp,
          nicolae_swamp_fairy_circle, nicolae_swamp_alligator_family,
          nicolae_swamp_tree_isthmus
Swamp:4:  swamp_alternative, layout_basic_swamp
Spider:1: layout_spider_delve, uniq_asterion, uniq_donald, uniq_mlioglotl
Spider:2: layout_spider_delve, ebering_ghost_reflecting_pool
Spider:3: layout_cave_pods
Spider:4: grunt_spider_rune_circles, uniq_mara, uniq_louise
Slime:1:  layout_caves
Slime:2:  layout_caves
Slime:3:  layout_caves, nicolae_slime_rock_hall_of_fame
Slime:4:  cheibrodos_slime_lost_civilization_9, layout_caves,
          cheibrodos_slime_lost_civilization_4
Slime:5:  slime_pit_nicolae_amoeboid
Orc:1:    layout_caves, basic_altar, statue_in_the_mist_lemuel
Orc:2:    st_orc_open, layout_diamond_mine, serial_shops, shop, shop, shop,
          nicolae_orc_found_a_spring, minmay_orc_keep
Elf:1:    eino_elf_arrival_altar, layout_loops_cross, evilmike_minifort,
          serial_sigils_hangedman_clutch
Elf:2:    elven_hall_of_blades_hangedman_original
          [nicolae_blade_entry_hurt_lockers], layout_loops_cross, serial_shops,
          bzr_entry_customers, minmay_fountain_box
Elf:3:    grunt_elf_hall_spiral, layout_onion_city, serial_shops,
          nicolae_shop_pleasant_corner_grove, nicolae_shop_window_shopping,
          nicolae_shop_industrial_runoff, shop, shop, serial_glass,
          glass_columns_c, glass_columns_a, basic_altar
Vaults:1: portal_desolation_entry_garden, nicolae_vaults_storage_closets_1,
          nicolae_vaults_three_branches, nicolae_vaults_door_testing_chamber,
          nicolae_vaults_tangram_1, nicolae_vaults_closet_pinwheel_1,
          grunt_vaults_funnel, vaults_dpeg_emergency_exit,
          nicolae_vaults_apartment_1, nicolae_vaults_tetromino_L_1,
          layout_vaults_omnigrid
Vaults:2: nicolae_vaults_security_offices_1, v_misc_12, v_misc_10,
          grunt_vaults_diagonal, nicolae_vaults_back_hallway,
          hangedman_vaults_river_flow, nicolae_vaults_surprise_closet,
          vaults_dpeg_cross, nicolae_vaults_trapezoid_1, v_misc_19,
          hangedman_vaults_capsules, vaults_mumra_hexcomb,
          nicolae_vaults_rhombus_5, nicolae_vaults_ring_of_whatevers,
          layout_vaults_omnibox, serial_shops, shop
Vaults:3: nicolae_vaults_specimen_jars, v_misc_2, v_misc_13,
          minmay_crypt_entry_nasty_monster, v_rooms_2,
          nicolae_vaults_double_plus_2, nicolae_vaults_house_3, st_check,
          dpeg_vaults_monster_box, v_misc_12, layout_vaults_big_room
Vaults:4: infiniplex_enter_wizlab_water, nicolae_vaults_offset_grid_hallway_2,
          nicolae_vaults_tangram_1, vaults_room_hallway, door_vault,
          nicolae_vaults_lightning_bolt, v_misc_13, grunt_vaults_trifunnel,
          nicolae_vaults_storage_closets_3, vaults_room_door_ring,
          nicolae_vaults_network_quinsquares
          [nicolae_vaults_network_quincunx_subvault,
          nicolae_vaults_network_quincunx_subvault,
          nicolae_vaults_network_quincunx_subvault,
          nicolae_vaults_network_quincunx_subvault], vaults_mumra_minichess,
          nicolae_vaults_apartment_2, nicolae_vaults_taking_the_gang_shopping,
          nicolae_vaults_oval_intersection, hangedman_vaults_trim,
          layout_vaults_maze, serial_shops, nicolae_shop_back_alley_shop
Vaults:5: uniq_saint_roka, uniq_sojobo, uniq_frederick
Depths:1: layout_cave_pools, enter_ziggurat_c, serial_glass, glass_columns_a,
          glass_columns_b, abyss_entry, kennysheep_donut, hell_entry,
          nicolae_hepliaklqana_monster_ancestors
Depths:2: minmay_big_diamond_grid, layout_basic, chequers_serial_rivers_micro_e,
          grunt_hell_entry_dis_mu, pan_entry, serial_shops, shop,
          nicolae_lakefront_shop, nicolae_shop_advertising_works
          [nicolae_subvault_shop_adworks], nicolae_shop_bloodbath_and_beyond,
          serial_bayou_shore_b
Depths:3: minmay_complete_graph, layout_twisted_cross, hangedman_coc_ice_floe,
          nicolae_abyss_entry_one_way_or_another, amcnicky_mini_pool_small,
          gammafunk_ghost_crypt, minmay_misc_feat_diagonals, st_stairs_4
Depths:4: grunt_zot_entry_gee_three, layout_cave_pools, nicolae_titane,
          hellmouth_1, nicolae_danse_macabre
Zot:1:    layout_cathedral_of_symmetry, st_single_dragon_hoard_4
Zot:2:    layout_onion_interference, regret_index_zotdec_twisting_globes
Zot:3:    layout_basic, regret_index_zotdec_slimy_original,
          st_large_dragon_hoard_1, grunt_megastairs_1
Zot:4:    layout_onion
Zot:5:    layout_twisted_circle

Notes
Turn   | Place    | Note
-------+----------+-------------------------------------------
     0 | D:1      | grumposus the Minotaur Fighter began the quest for the Orb.
     0 | D:1      | Reached XP level 1. HP: 19/19 MP: 0/0
     0 | D:1      | magus.rc [v1.11.6]
   241 | D:1      | Reached XP level 2. HP: 26/27 MP: 1/1
   275 | D:1      | Reached skill level 3 in Axes
   418 | D:1      | Found a faded altar of an unknown god.
   809 | D:2      | Reached skill level 1 in Dodging
   809 | D:2      | Reached XP level 3. HP: 33/33 MP: 2/2
   817 | D:2      | Reached skill level 4 in Fighting
   829 | D:2      | Reached skill level 4 in Shields
   951 | D:2      | Noticed Terence
   956 | D:2      | Killed Terence
   957 | D:2      | Reached skill level 4 in Armour
   957 | D:2      | Reached XP level 4. HP: 40/40 MP: 3/3
  1203 | D:2      | Reached skill level 4 in Axes
  1581 | D:2      | Identified a scroll of acquirement
  1581 | D:2      | Acquired the +13 plate armour "Caovviadgh" {rN+ Dex+3
                  | Stlth+}
  1644 | D:3      | Reached XP level 5. HP: 46/46 MP: 4/4
  1792 | D:3      | You add the spells Inner Flame, Sticky Flame and Flame Wave
                  | to your library.
  1800 | D:3      | Found a runed translucent gate.
  1804 | D:3      | Found a runed translucent gate.
  1804 | D:3      | Found an opulent altar of Gozag.
  1812 | D:3      | Found a runed translucent gate.
  2037 | D:3      | Found a snail-covered altar of Cheibriados.
  2083 | D:3      | Reached skill level 2 in Dodging
  2360 | D:3      | Noticed browni3141's ghost (weakling MiFi)
  2377 | D:4      | Noticed a black bear
  2390 | D:4      | Killed a black bear
  2391 | D:4      | Reached skill level 5 in Axes
  2391 | D:4      | Reached XP level 6. HP: 53/53 MP: 5/5
  2455 | D:4      | Noticed a water moccasin
  2460 | D:4      | Killed a water moccasin
  2461 | D:4      | Reached skill level 5 in Shields
  2468 | D:4      | Noticed Blork the orc
  2476 | D:4      | Killed Blork the orc
  2477 | D:4      | Reached skill level 5 in Fighting
  2477 | D:4      | Reached skill level 5 in Armour
  2477 | D:4      | Reached XP level 7. HP: 53/61 MP: 6/6
  2689 | D:4      | You add the spells Passage of Golubria, Fireball and Plasma
                  | Beam to your library.
  2689 | D:4      | Got the Codex of the Spatial Bonfire
  2701 | D:4      | Reached skill level 6 in Axes
  2701 | D:4      | Reached skill level 3 in Dodging
  2753 | D:4      | Found a burning altar of Makhleb.
  2753 | D:4      | Noticed a blizzard demon
  2774 | D:4      | You add the spells Ensorcelled Hibernation and Ozocubu's
                  | Armour to your library.
  2774 | D:4      | Got the Elucidation of Ice
  2818 | D:4      | Noticed a neqoxec
  2818 | D:4      | Noticed a hellwing
  2914 | D:4      | You add the spells Swiftness and Passwall to your library.
  3282 | D:5      | Entered Level 5 of the Dungeon
  3434 | D:5      | Identified the +7 mace of Grandeur {speed, rElec Will-
                  | SInv}
  3498 | D:5      | You add the spells Call Imp, Sublimation of Blood and
                  | Summon Hydra to your library.
  3533 | D:5      | Reached skill level 7 in Axes
  3533 | D:5      | Reached XP level 8. HP: 66/70 MP: 7/7
  3854 | D:5      | Reached skill level 6 in Fighting
  4064 | D:6      | Reached skill level 4 in Dodging
  4064 | D:6      | Reached skill level 6 in Shields
  4083 | D:6      | Found a glowing drain.
  4094 | D:6      | Reached skill level 6 in Armour
  4168 | Sewer    | Entered a sewer
  4368 | Sewer    | Reached skill level 8 in Axes
  4402 | Sewer    | Identified the serpent talisman "Gomiatau" {Int+2}
  4530 | D:6      | Found a sparkling altar of Nemelex Xobeh.
  4643 | D:6      | Noticed peterlawrence's ghost (novice MiFi)
  4650 | D:6      | You add the spells Stone Arrow, Irradiate and Arcjolt to
                  | your library.
  4650 | D:6      | Got the Opusculum on Assembled Wounds
  4670 | D:6      | Found a runed translucent gate.
  4670 | D:6      | Found a runed translucent gate.
  4670 | D:6      | Found a runed translucent gate.
  4808 | D:6      | Found a staircase to the Ecumenical Temple.
  4814 | Temple   | Entered the Ecumenical Temple
  4899 | D:4      | Became a worshipper of Makhleb the Destroyer
  4995 | D:6      | Reached XP level 9. HP: 78/78 MP: 8/8
  5008 | D:6      | Killed peterlawrence's ghost
  5009 | D:6      | Reached skill level 7 in Fighting
  5009 | D:6      | Reached skill level 9 in Axes
  5009 | D:6      | Reached skill level 7 in Armour
  5009 | D:6      | Reached skill level 5 in Dodging
  5009 | D:6      | Reached skill level 7 in Shields
  5415 | D:7      | Reached * piety under Makhleb
  5685 | D:7      | Reached skill level 10 in Axes
  6200 | D:8      | Found a bloodstained altar of Trog.
  6282 | D:8      | Reached skill level 6 in Dodging
  6421 | D:8      | Found a shimmering blue altar of Sif Muna.
  6428 | D:8      | Reached skill level 8 in Fighting
  6507 | D:8      | Found a staircase to the Lair.
  6657 | D:8      | Reached XP level 10. HP: 88/88 MP: 9/9
  6695 | D:9      | Reached ** piety under Makhleb
  6752 | D:9      | Reached skill level 8 in Armour
  6829 | D:9      | Reached skill level 8 in Shields
  6869 | D:9      | Found a shimmering altar of Xom.
  6962 | D:9      | Noticed Erolcha
  6962 | D:9      | You are cast into the Abyss!
  6962 | Abyss:1  | Cast into level 1 of the Abyss (Erolcha)
  7053 | Abyss:1  | Reached skill level 11 in Axes
  7101 | Abyss:1  | Noticed a wretched star
  7119 | Abyss:1  | Killed a wretched star
  7163 | Abyss:1  | Gained mutation: Potions are less effective at restoring
                  | your health. [a neqoxec]
  7166 | Abyss:1  | Gained mutation: You are dopey. (Int -2) [a neqoxec]
  7506 | Abyss:1  | Noticed a wretched star
  7514 | Abyss:1  | Killed a wretched star
  7517 | D:9      | You pass through the gate.
  7517 | D:9      | Escaped the Abyss
  7532 | D:9      | Killed Erolcha
  7533 | D:9      | Reached skill level 9 in Fighting
  7533 | D:9      | Reached skill level 7 in Dodging
  7757 | D:9      | Reached skill level 9 in Armour
  7768 | D:9      | Reached skill level 12 in Axes
  7845 | D:9      | Noticed a cyclops
  7850 | D:9      | Noticed a boulder beetle
  7855 | D:9      | Killed a cyclops
  7856 | D:9      | Reached skill level 9 in Shields
  7856 | D:9      | Reached XP level 11. HP: 97/97 MP: 10/10
  7856 | D:9      | Noticed a boulder beetle
  7875 | D:9      | Killed a boulder beetle
  7941 | D:9      | Killed a boulder beetle
  7974 | D:9      | Found a radiant altar of Vehumet.
  8004 | D:9      | an efreet comes into view. It is wielding a +4 scimitar of
                  | flaming and wearing the +2 shield of Resistance {rF++ rC++
                  | Will++}.
  8025 | D:9      | Noticed a five-headed hydra
  8283 | D:9      | Killed a nine-headed hydra
  8350 | D:9      | You add the spells Magic Dart, Fulminant Prism, Starburst
                  | and Fire Storm to your library.
  8350 | D:9      | Got the Guidebook on Bolts
  8357 | D:9      | You add the spell Blink to your library.
  8371 | D:9      | Noticed a centaur warrior
  8380 | D:9      | Killed a centaur warrior
  8381 | D:9      | Reached skill level 13 in Axes
  8381 | D:9      | Reached skill level 8 in Dodging
  8558 | D:10     | Entered Level 10 of the Dungeon
  8585 | D:10     | Noticed puppykicker's ghost (journeyman HORe)
  8586 | D:10     | Noticed a stone giant
  8589 | D:10     | Noticed a six-headed hydra
  8603 | D:10     | Noticed a death knight
  8625 | D:10     | HP: 20/99 [freezing wraith[a death knight] (5)]
  8843 | Lair:1   | Entered Level 1 of the Lair of Beasts
  8868 | Lair:1   | Reached skill level 10 in Fighting
  9052 | Lair:1   | Noticed a boulder beetle
  9095 | Lair:1   | Noticed a skyshark
  9107 | Lair:1   | Killed a skyshark
  9108 | Lair:1   | Reached skill level 10 in Armour
  9108 | Lair:1   | Reached skill level 1 in Invocations
  9112 | Lair:1   | Killed a boulder beetle
  9113 | Lair:1   | Reached skill level 10 in Shields
  9147 | Lair:1   | Reached *** piety under Makhleb
  9182 | Lair:1   | Reached skill level 2 in Invocations
  9192 | Lair:1   | Reached XP level 12. HP: 107/107 MP: 12/12
  9362 | Lair:1   | Found a dark tunnel.
  9404 | Volcano  | Entered a volcano
  9418 | Volcano  | Noticed a two-headed ogre
  9419 | Volcano  | Noticed a hell hog
  9428 | Volcano  | Killed a hell hog
  9435 | Volcano  | Reached skill level 14 in Axes
  9436 | Volcano  | Killed a two-headed ogre
  9436 | Volcano  | HP: 39/160 [salamander/+1 trident of flaming (2)]
 10348 | Lair:2   | Reached skill level 3 in Invocations
 10407 | Lair:2   | Reached skill level 9 in Dodging
 10495 | Lair:2   | Reached skill level 11 in Fighting
 10525 | Lair:2   | Found a staircase to the Swamp.
 10525 | Lair:2   | Noticed an eleionoma
 10532 | Lair:2   | Killed an eleionoma
 10533 | Lair:2   | Reached skill level 11 in Armour
 10535 | Lair:2   | Reached **** piety under Makhleb
 10573 | Lair:2   | You add the spells Sting, Necrotise, Summon Small Mammal
                  | and Apportation to your library.
 10627 | Lair:2   | Reached skill level 4 in Invocations
 10629 | Lair:2   | Reached skill level 11 in Shields
 10635 | Lair:2   | Reached skill level 15 in Axes
 10775 | Lair:2   | Noticed Amaemon
 10783 | Lair:2   | Killed Amaemon
 10784 | Lair:2   | Found a sparkling altar of Nemelex Xobeh.
 11299 | Lair:3   | You add the spells Static Discharge, Airstrike and Summon
                  | Lightning Spire to your library.
 11305 | Lair:3   | Found a hole to the Spider Nest.
 11339 | Lair:3   | Reached XP level 13. HP: 116/116 MP: 15/15
 11866 | Lair:4   | Found a transporter.
 11878 | Lair:4   | Noticed Aricsoirch's ghost (journeyman GrFi)
 11893 | Lair:4   | Found a transporter.
 12130 | Lair:4   | Found a staircase to the Slime Pits.
 12266 | Lair:4   | Noticed Josephine
 12276 | Lair:4   | Killed Josephine
 12458 | Lair:5   | Entered Level 5 of the Lair of Beasts
 12645 | Lair:4   | Reached skill level 5 in Invocations
 12649 | Lair:4   | Reached skill level 10 in Dodging
 12701 | Lair:5   | Reached ***** piety under Makhleb
 12980 | Lair:5   | Reached skill level 12 in Fighting
 13183 | Lair:5   | Reached skill level 16 in Axes
 13196 | Lair:5   | Reached skill level 12 in Armour
 13382 | Lair:5   | Reached skill level 12 in Shields
 13399 | Lair:5   | Reached skill level 6 in Invocations
 13589 | Lair:5   | Identified the staff "Tudoreco" {rElec Dex+4 Air Earth}
 13719 | Lair:5   | Reached XP level 14. HP: 125/127 MP: 17/17
 14323 | D:10     | Found a runed translucent gate.
 14326 | D:10     | Found a runed translucent gate.
 14330 | D:10     | Found a runed translucent gate.
 14357 | D:10     | Identified the +0 robe of Geteckun {Int+5}
 14444 | D:10     | You add the spells Hailstorm, Summon Ice Beast and Sculpt
                  | Simulacrum to your library.
 14511 | D:10     | Found a staircase to the Orcish Mines.
 14549 | D:10     | Found an ancient bone altar of Kikubaaqudgha.
 14626 | D:10     | Noticed Nergalle
 14633 | D:10     | Killed Nergalle
 14739 | D:10     | Found a hide-covered altar of Uskayaw.
 14895 | Orc:1    | Entered Level 1 of the Orcish Mines
 14912 | Orc:1    | Reached ****** piety under Makhleb
 14939 | Orc:1    | Reached skill level 17 in Axes
 15157 | Orc:2    | Entered Level 2 of the Orcish Mines
 15157 | Orc:2    | Found a staircase to the Elven Halls.
 15207 | Orc:2    | Reached skill level 11 in Dodging
 15247 | Orc:2    | Reached skill level 13 in Fighting
 15250 | Orc:2    | Reached skill level 7 in Invocations
 15254 | Orc:2    | Reached skill level 13 in Armour
 15510 | Orc:2    | Found Zaewileta's Antique Weapon Emporium.
 15539 | Orc:2    | Found Wilyinun's Armour Boutique.
 15558 | Orc:2    | Found Zaazuim's Distillery.
 15558 | Orc:2    | Found Eteemn's Assorted Antiques.
 15559 | Orc:2    | Found Rodas's Jewellery Shop.
 15578 | Orc:2    | Bought a scroll of enchant weapon for 217 gold pieces
 15578 | Orc:2    | Bought a viscous brown potion for 26 gold pieces
 15578 | Orc:2    | Bought a potion of heal wounds for 145 gold pieces
 15591 | Orc:2    | Found Houluaco's Weapon Boutique.
 15595 | Orc:2    | Bought a potion of invisibility for 112 gold pieces
 15595 | Orc:2    | Bought a potion of mutation for 112 gold pieces
 15595 | Orc:2    | Bought a potion of heal wounds for 70 gold pieces
 15595 | Orc:2    | Bought a potion of mutation for 112 gold pieces
 15624 | Orc:2    | Bought a +0 pair of gloves for 72 gold pieces
 15754 | Orc:2    | Found Boavel's General Store.
 15762 | Orc:2    | Bought a scroll of fear for 72 gold pieces
 15762 | Orc:2    | Bought a scroll of revelation for 135 gold pieces
 15762 | Orc:2    | Bought a potion of heal wounds for 90 gold pieces
 15920 | D:11     | Noticed Maurice
 15927 | D:11     | Killed Maurice
 16030 | D:11     | Reached skill level 13 in Shields
 16332 | D:11     | You add the spells Momentum Strike and Lesser Beckoning to
                  | your library.
 16747 | D:12     | Reached XP level 15. HP: 136/136 MP: 19/19
 16848 | D:12     | Identified the +1 rapier of Sulphur {pain, Int+4}
 17112 | D:12     | Identified the +4 leather armour of the Gastropod {Dex+3}
 17120 | D:12     | Reached skill level 18 in Axes
 17941 | D:13     | You add the spells Jinxbite and Alistair's Intoxication to
                  | your library.
 18415 | D:13     | Noticed Urug
 18420 | D:13     | Killed Urug
 18698 | D:14     | Reached skill level 8 in Invocations
 18850 | D:14     | Found a gate to the Vaults.
 18951 | D:14     | Reached skill level 12 in Dodging
 18972 | D:14     | Found a runed translucent gate.
 18973 | D:14     | Found a runed translucent gate.
 18974 | D:14     | Found a runed translucent gate.
 18975 | D:14     | Noticed Neisk's ghost (journeyman DgHW)
 19017 | D:14     | Found an iron altar of Okawaru.
 19022 | D:14     | Identified the +8 hand axe of Peace {freeze, rF+ Will+
                  | SInv}
 19082 | D:14     | Killed Neisk's ghost
 19092 | D:14     | Reached skill level 14 in Fighting
 19183 | D:14     | You add the spells Gell's Gravitas, Teleport Other and
                  | Dispersal to your library.
 19216 | D:15     | Entered Level 15 of the Dungeon
 19288 | D:15     | Reached skill level 14 in Armour
 19507 | D:15     | Reached skill level 14 in Shields
 19508 | D:15     | Found a staircase to the Depths.
 19608 | D:15     | Reached skill level 9 in Invocations
 19791 | D:15     | Found Foebiesch's Distillery.
 19807 | D:15     | Bought a potion of ambrosia for 104 gold pieces
 19807 | D:15     | Bought a potion of heal wounds for 65 gold pieces
 19807 | D:15     | Bought a potion of haste for 130 gold pieces
 19926 | D:15     | Found a flickering gateway to a bazaar.
 19935 | Bazaar   | Entered a bazaar
 19951 | Bazaar   | Found Dauttas's Distillery.
 19952 | Bazaar   | Found Ezxyloa's Distillery.
 19994 | Bazaar   | Found Hocoice's General Store.
 19994 | Bazaar   | Found Xaenefysh's Armour Emporium.
 20002 | Bazaar   | Bought a scroll of acquirement for 572 gold pieces
 20002 | Bazaar   | Acquired the ring of Zegaic {rN+ Str+2}
 20038 | Bazaar   | Bought a potion of might for 44 gold pieces
 20038 | Bazaar   | Bought a potion of heal wounds for 55 gold pieces
 20038 | Bazaar   | Bought a potion of might for 44 gold pieces
 20168 | D:15     | Found a glowing golden altar of the Shining One.
 20599 | Swamp:1  | Entered Level 1 of the Swamp
 20715 | Swamp:1  | Noticed Nikola
 20727 | Swamp:1  | Reached XP level 16. HP: 94/147 MP: 12/21
 20730 | Swamp:1  | Killed Nikola
 20892 | Swamp:1  | You add the spells Tukima's Dance, Dimensional Bullseye and
                  | Iskenderun's Mystic Blast to your library.
 21516 | Swamp:2  | Reached skill level 1 in Throwing
 21586 | Swamp:2  | Reached skill level 1 in Evocations
 21618 | Swamp:2  | HP: 35/147 [15-headed hydra (4)]
 21940 | Swamp:2  | Identified a potion of experience
 22056 | Swamp:2  | Reached skill level 13 in Dodging
 22086 | Swamp:2  | Reached skill level 2 in Throwing
 22165 | Swamp:2  | Reached skill level 15 in Fighting
 22389 | Swamp:3  | Reached skill level 2 in Evocations
 22453 | Swamp:3  | Noticed a thorn hunter
 22465 | Swamp:3  | Killed a thorn hunter
 22648 | Swamp:3  | Reached skill level 15 in Armour
 22651 | Swamp:3  | Noticed a thorn hunter
 22670 | Swamp:3  | Killed a thorn hunter
 22883 | Swamp:3  | You add the spells Cause Fear and Dragon's Call to your
                  | library.
 22916 | Swamp:3  | Reached skill level 3 in Throwing
 23321 | Swamp:4  | Entered Level 4 of the Swamp
 23404 | Swamp:4  | Reached skill level 10 in Invocations
 23406 | Swamp:4  | Reached skill level 3 in Evocations
 23671 | Swamp:4  | Reached skill level 15 in Shields
 23945 | Swamp:4  | Reached skill level 4 in Throwing
 24142 | Swamp:4  | Reached XP level 17. HP: 148/156 MP: 19/23
 24194 | Swamp:4  | Reached skill level 4 in Evocations
 24443 | Swamp:4  | Got a decaying rune of Zot
 24655 | Spider:1 | Entered Level 1 of the Spider Nest
 24762 | Spider:1 | Identified a +1 crystal plate armour
 24762 | Spider:1 | Noticed Donald
 24778 | Spider:1 | Killed Donald
 24779 | Spider:1 | Reached skill level 5 in Throwing
 24849 | Spider:1 | a +0 scimitar; a +1 crystal plate armour {rare}; a +0 kite
                  | shield
 24992 | Spider:1 | Reached skill level 16 in Fighting
 25002 | Spider:1 | Noticed Asterion
 25017 | Spider:1 | Killed Asterion
 25018 | Spider:1 | Reached skill level 14 in Dodging
 25037 | Spider:1 | Reached skill level 5 in Evocations
 25056 | Spider:1 | Noticed Mlioglotl
 25065 | Spider:1 | Killed Mlioglotl
 25333 | Spider:2 | Reached skill level 11 in Invocations
 25354 | Spider:2 | Reached skill level 16 in Armour
 25408 | Spider:2 | Identified the ring of Ruug {Will+ Dex+6}
 25415 | Spider:2 | Reached skill level 6 in Throwing
 25889 | Spider:2 | Found a runed translucent door.
 25893 | Spider:2 | Noticed endersaim's ghost (adept MfSk)
 25931 | Spider:2 | Killed endersaim's ghost
 26051 | Spider:3 | Reached skill level 16 in Shields
 26134 | Spider:3 | Reached XP level 18. HP: 168/168 MP: 25/25
 26460 | Spider:3 | Reached skill level 6 in Evocations
 26552 | Spider:3 | Identified the +6 mace "Unounon" {spect, Will++ MP+9 Str-5
                  | Int+3}
 26789 | Spider:4 | Entered Level 4 of the Spider Nest
 26789 | Spider:4 | Noticed Mara
 26789 | Spider:4 | Noticed Louise
 26841 | Spider:3 | Reached skill level 7 in Throwing
 26923 | Spider:3 | Killed Louise
 26966 | Spider:4 | Noticed grumposus's illusion
 26973 | Spider:3 | Reached XP level 19. HP: 174/174 MP: 26/26
 27136 | Spider:4 | Noticed grumposus's illusion
 27374 | Spider:4 | Noticed grumposus's illusion
 27458 | Spider:4 | Reached skill level 17 in Fighting
 27692 | Spider:4 | Noticed grumposus's illusion
 27815 | Spider:4 | Reached skill level 7 in Evocations
 27817 | Spider:4 | Reached skill level 15 in Dodging
 27878 | Spider:4 | Reached skill level 12 in Invocations
 27894 | Spider:4 | Reached skill level 8 in Throwing
 27909 | Spider:4 | You add the spells Iskenderun's Battlesphere, Bombard and
                  | Spellforged Servitor to your library.
 27968 | Spider:4 | Got a gossamer rune of Zot
 28363 | Vaults:1 | Entered Level 1 of the Vaults
 28373 | Vaults:1 | Reached skill level 17 in Armour
 28468 | Vaults:1 | You add the spells Summon Forest and Eringya's Noxious Bog
                  | to your library.
 28526 | Vaults:1 | Found a crumbling gateway.
 28542 | Desolati | Entered the Desolation of Salt
 28560 | Desolati | Reached skill level 17 in Shields
 28622 | Desolati | Identified the +4 shortbow of Fortitude {freeze, rPois
                  | Will- Int+3 Dex+3}
 28623 | Desolati | magus.rc [v1.11.6]
 28646 | Desolati | Got the Commentary on Position
 28652 | Desolati | Identified the ring of Wuetizi {Fly rN+ rCorr EV+5 Slay+2}
 28672 | Desolati | Reached XP level 20. HP: 184/184 MP: 26/28
 28704 | Desolati | Identified the ring "Ofry" {rN++ EV+5 Dex-4 SInv Stlth+}
 28844 | Desolati | You add the spell Summon Mana Viper to your library.
 28844 | Desolati | Got Erueh's Grimoire of Frostbound Misfortune
 28906 | Desolati | Reached skill level 8 in Evocations
 28924 | Desolati | Reached skill level 9 in Throwing
 28974 | Desolati | You add the spell Ignite Poison to your library.
 28974 | Desolati | Got Toqiqy's Commentary on the Charmed Alembic
 28989 | Desolati | Identified the ring "Kuefyezosm" {Fire rN+ Int+3 Dex-2}
 28991 | Desolati | Identified the ring "Koazxeb" {rElec EV+5}
 29814 | Vaults:1 | You add the spell Metabolic Englaciation to your library.
 29911 | Vaults:1 | Identified the +0 scale mail "Ladin" {-Cast rC+ Str+2
                  | Stlth+}
 30315 | Vaults:2 | Reached skill level 18 in Fighting
 30345 | Vaults:2 | Found Desmid's Antique Weapon Shop.
 30524 | Vaults:2 | Reached skill level 16 in Dodging
 30596 | Vaults:2 | Reached skill level 13 in Invocations
 30837 | Vaults:2 | You add the spells Fugue of the Fallen and Anguish to your
                  | library.
 31264 | Vaults:3 | Reached skill level 18 in Armour
 31705 | Vaults:3 | Reached skill level 10 in Throwing
 31732 | Vaults:3 | Reached XP level 21. HP: 178/195 MP: 26/29
 31734 | Vaults:3 | Reached skill level 9 in Evocations
 31882 | Vaults:3 | Reached skill level 18 in Shields
 32073 | Vaults:3 | Found a staircase to the Crypt.
 32354 | Vaults:3 | +0 shadow dragon scales {rare}; a shadow dragon corpse
 32431 | Vaults:3 | Identified the +5 great mace of Usmuzuji {venom, Dex+3}
 32442 | Vaults:3 | +0 shadow dragon scales {rare}; a shadow dragon corpse
 32602 | Vaults:4 | You add the spell Ignition to your library.
 32918 | Vaults:4 | Found a huge runed translucent gate.
 32918 | Vaults:4 | Found a huge runed translucent gate.
 32918 | Vaults:4 | Found a huge runed translucent gate.
 32918 | Vaults:4 | Found a huge runed translucent gate.
 32918 | Vaults:4 | Found a huge runed translucent gate.
 32918 | Vaults:4 | Found a huge runed translucent gate.
 32919 | Vaults:4 | Found a huge runed translucent gate.
 32919 | Vaults:4 | Found a huge runed translucent gate.
 32919 | Vaults:4 | Found a huge runed translucent gate.
 32927 | Vaults:4 | Found a huge runed translucent gate.
 32927 | Vaults:4 | Found a huge runed translucent gate.
 32928 | Vaults:4 | Found a huge runed translucent gate.
 32929 | Vaults:4 | Found a huge runed translucent gate.
 32930 | Vaults:4 | Found a huge runed translucent gate.
 32931 | Vaults:4 | Found a huge runed translucent gate.
 32932 | Vaults:4 | Found a huge runed translucent gate.
 32933 | Vaults:4 | Found a huge runed translucent gate.
 32933 | Vaults:4 | Found a huge runed translucent gate.
 32939 | Vaults:4 | Found a huge runed translucent gate.
 32940 | Vaults:4 | Found a huge runed translucent gate.
 32940 | Vaults:4 | Found a huge runed translucent gate.
 32940 | Vaults:4 | Found a huge runed translucent gate.
 32940 | Vaults:4 | Found a huge runed translucent gate.
 32942 | Vaults:4 | Found a huge runed translucent gate.
 32943 | Vaults:4 | Found a huge runed translucent gate.
 32944 | Vaults:4 | Found a huge runed translucent gate.
 32944 | Vaults:4 | Found a huge runed translucent gate.
 32948 | Vaults:4 | Found a huge runed translucent gate.
 32949 | Vaults:4 | Found a huge runed translucent gate.
 32950 | Vaults:4 | Found a huge runed translucent gate.
 32950 | Vaults:4 | Found a huge runed translucent gate.
 32952 | Vaults:4 | Found a huge runed translucent gate.
 32954 | Vaults:4 | Found Nacekk's Weapon Shoppe.
 32966 | Vaults:4 | Killed a dread lich
 33006 | Vaults:4 | Found a huge runed translucent gate.
 33007 | Vaults:4 | Found a huge runed translucent gate.
 33008 | Vaults:4 | Found a huge runed translucent gate.
 33008 | Vaults:4 | Found a huge runed translucent gate.
 33276 | Vaults:4 | You add the spells Freezing Cloud and Orb of Destruction to
                  | your library.
 33276 | Vaults:4 | Got Roaram's Cyclopedia of Conflict
 33391 | Vaults:4 | Found Ymiegiurr's Antique Weapon Shop.
 33430 | Vaults:4 | Identified the +0 ring mail "Jetidori" {rElec}
 33590 | Vaults:4 | Reached skill level 19 in Fighting
 34165 | Depths:1 | Entered Level 1 of the Depths
 34166 | Depths:1 | Found a gateway to Hell.
 34232 | Depths:1 | Reached skill level 11 in Throwing
 34328 | Depths:1 | Found a one-way gateway to a ziggurat.
 34359 | Depths:1 | Identified the +4 rapier of Twilight {pain, *Noise +Blink
                  | rF+ Str+6}
 34412 | Depths:1 | Reached skill level 14 in Invocations
 34416 | Depths:1 | Reached skill level 10 in Evocations
 34436 | Depths:1 | Reached skill level 17 in Dodging
 34472 | Depths:1 | You add the spells Mercury Vapours and Mephitic Cloud to
                  | your library.
 34493 | Depths:1 | Found a hazy altar of Hepliaklqana.
 34525 | Depths:1 | Found a one-way gate to the infinite horrors of the Abyss.
 34673 | Depths:1 | Identified the +0 robe of Urghioth {Stlth+}
 35014 | Depths:2 | Found Dudauh's Antique Armour Emporium.
 35068 | Depths:2 | Reached XP level 22. HP: 205/206 MP: 29/31
 35074 | Depths:2 | Reached skill level 19 in Armour
 35263 | Depths:2 | Found Byptuo's Weapon Shop.
 35313 | Depths:2 | Found Dauduty's Book Boutique.
 35392 | Depths:2 | Found Aheen's Assorted Antiques.
 35401 | Depths:2 | Bought a scroll of enchant armour for 345 gold pieces
 35401 | Depths:2 | Bought a scroll of enchant weapon for 345 gold pieces
 35797 | Depths:2 | Reached skill level 19 in Shields
 35924 | Depths:2 | Found a one-way gate leading to the halls of Pandemonium.
 36282 | Depths:3 | +0 storm dragon scales {rare}; a storm dragon corpse
 36372 | Depths:3 | Noticed a golden dragon
 36378 | Depths:3 | Killed a golden dragon
 36411 | Depths:3 | Noticed an ancient lich
 36421 | Depths:3 | Killed an ancient lich
 36438 | Depths:3 | Reached skill level 12 in Throwing
 36441 | Depths:3 | Noticed a caustic shrike
 36451 | Depths:3 | Killed a caustic shrike
 36516 | Depths:3 | +0 shadow dragon scales {rare}; a shadow dragon corpse
 36549 | Depths:3 | Identified the +6 trident of Rotten Judgement {elec, rPois
                  | rC+ Str+3 Dex+2}
 36551 | Depths:3 | You add the spells Leda's Liquefaction and Yara's Violent
                  | Unravelling to your library.
 36551 | Depths:3 | Got the Excursus on the Adder
 36597 | Depths:3 | Identified the +0 quarterstaff of Mixogy {flame, +Blink
                  | rElec Dex+3 Stlth+}
 36673 | Depths:3 | You are sucked into a shaft and drop 1 floor!
 36673 | Depths:4 | Entered Level 4 of the Depths
 36775 | Depths:4 | Reached skill level 11 in Evocations
 36991 | Depths:4 | Noticed a golden dragon
 37004 | Depths:4 | Killed a golden dragon
 37005 | Depths:4 | Reached skill level 20 in Fighting
 37408 | Depths:4 | Reached XP level 23. HP: 215/215 MP: 30/33
 37537 | Depths:4 | Found a gate to the Realm of Zot.
 37606 | Depths:4 | Reached skill level 15 in Invocations
 37824 | Depths:3 | Identified the +2 orcbow "Spiderbane" {heavy, MP+9}
 38148 | Depths:3 | Found a runed translucent gate.
 38149 | Depths:3 | Found a runed translucent gate.
 38150 | Depths:3 | Found a runed translucent gate.
 38151 | Depths:3 | Found an ancient bone altar of Kikubaaqudgha.
 38151 | Depths:3 | Noticed Viocziel's ghost (adept TrMo)
 38152 | Depths:3 | Noticed grumposus's ghost (adept MiFi)
 38152 | Depths:3 | Noticed Plog's ghost (adept DgCj)
 38152 | Depths:3 | Noticed an ancient lich
 38152 | Depths:3 | Noticed a dread lich
 38445 | Elf:1    | Entered Level 1 of the Elven Halls
 38464 | Elf:1    | Found a radiant altar of Vehumet.
 38488 | Elf:1    | Reached skill level 18 in Dodging
 38539 | Elf:1    | You add the spell Enfeeble to your library.
 38719 | Elf:1    | Reached skill level 20 in Armour
 38880 | Elf:1    | You add the spells Scorch and Summon Cactus Giant to your
                  | library.
 38948 | Elf:1    | Paralysed by an air elemental for 1 turns
 39459 | Elf:2    | You add the spells Frozen Ramparts and Petrify to your
                  | library.
 39691 | Elf:2    | Found a flickering gateway to a bazaar.
 39800 | Bazaar   | Entered a bazaar
 39833 | Bazaar   | Found Onwawarch's Book Shoppe.
 39891 | Bazaar   | Found Doka's Jewellery Shoppe.
 39972 | Bazaar   | Found Gink's Jewellery Shoppe.
 40029 | Bazaar   | Found Worowo's Magic Scroll Boutique.
 40037 | Bazaar   | Bought a scroll of teleportation for 21 gold pieces
 40037 | Bazaar   | Bought a scroll of teleportation for 21 gold pieces
 40037 | Bazaar   | Bought a scroll of teleportation for 21 gold pieces
 40252 | Elf:2    | Found a runed translucent gate.
 40252 | Elf:2    | Found a runed translucent gate.
 40252 | Elf:2    | Found a runed translucent gate.
 40319 | Elf:2    | Reached skill level 20 in Shields
 40334 | Elf:2    | Reached skill level 13 in Throwing
 40520 | Elf:3    | Entered Level 3 of the Elven Halls
 40540 | Elf:3    | Found a shimmering altar of Xom.
 40576 | Elf:3    | Found Tafutz's General Store.
 40682 | Orc:2    | Bought a ring of see invisible for 180 gold pieces
 40885 | Elf:3    | You add the spells Animate Dead, Haunt and Infestation to
                  | your library.
 40889 | Elf:3    | You add the spells Conjure Ball Lightning, Disjunction and
                  | Discord to your library.
 40897 | Elf:3    | You add the spell Animate Armour to your library.
 40897 | Elf:3    | Got Fesutwaf's Volume of the Retinue and Fascination
 40898 | Elf:3    | Identified the amulet "Cana" {RegenMP rCorr Int-5 Dex+4}
 40905 | Elf:3    | Identified the +3 war axe of Zezxanir {freeze, Will+ Str+4}
 40957 | Elf:3    | Identified the +4 war axe of the Puffball {pain, Dex+4}
 40957 | Elf:3    | Identified the amulet "Feosh" {Acrobat Int+4}
 40991 | Elf:3    | Reached skill level 12 in Evocations
 41032 | Elf:3    | Identified the +1 robe "Uthreg" {rF+ Str+3}
 41050 | Elf:3    | Identified the +6 short sword of Eternal War {heavy, Fly}
 41062 | Elf:3    | Identified the +2 flail "Tyl Hogg" {heavy, ^Drain rC+++
                  | rCorr}
 41183 | Elf:3    | Found Faza's Armour Emporium.
 41184 | Elf:3    | Found Waib Tuamai's Antique Weapon Shoppe.
 41220 | Elf:3    | Found Zumnielo's Book Emporium.
 41244 | Elf:3    | a +0 quick blade {rare}; a +0 quick blade {rare}; a +0
                  | leather armour
 41364 | Elf:3    | Found Ruw Ojy's Distillery.
 41372 | Elf:3    | Bought a potion of curing for 60 gold pieces
 41372 | Elf:3    | Bought a potion of might for 80 gold pieces
 41372 | Elf:3    | Bought a potion of heal wounds for 100 gold pieces
 41372 | Elf:3    | Bought a potion of cancellation for 160 gold pieces
 41388 | Elf:3    | You add the spells Dazzling Flash, Curse of Agony and
                  | Silence to your library.
 41607 | Elf:3    | You add the spells Ozocubu's Refrigeration and Polar Vortex
                  | to your library.
 42087 | Vaults:5 | Entered Level 5 of the Vaults
 42096 | Vaults:5 | Noticed an ancient lich
 42098 | Vaults:5 | Reached XP level 24. HP: 226/226 MP: 28/33
 42103 | Vaults:5 | Killed an ancient lich
 42104 | Vaults:5 | Reached skill level 21 in Fighting
 42110 | Vaults:5 | Noticed Saint Roka
 42138 | Vaults:5 | Killed Saint Roka
 42151 | Vaults:5 | Reached skill level 16 in Invocations
 42196 | Vaults:5 | Noticed a dread lich
 42199 | Vaults:5 | Paralysed by a dread lich for 4 turns
 42208 | Vaults:5 | Killed a dread lich
 42209 | Vaults:5 | Reached skill level 19 in Dodging
 42209 | Vaults:5 | Noticed a dread lich
 42216 | Vaults:5 | Killed a dread lich
 42217 | Vaults:5 | Reached skill level 14 in Throwing
 42217 | Vaults:5 | Reached skill level 21 in Armour
 42458 | Vaults:5 | Reached skill level 21 in Shields
 42470 | Vaults:5 | Identified the amulet "Keataat" {Reflect +Inv rF+ Str+2
                  | SH+5}
 42633 | Vaults:5 | Identified the storm talisman "Earthly Heaven" {MP+9 Int+3
                  | Slay-6}
 42633 | Vaults:5 | Noticed Sojobo
 42647 | Vaults:5 | Killed Sojobo
 42709 | Vaults:5 | Identified the staff of Culush {rElec Str+4 Summ Air}
 42710 | Vaults:5 | Noticed an ancient lich
 42710 | Vaults:5 | Identified the ring "Jurudail" {rPois Str+6 Dex+2}
 42715 | Vaults:5 | Identified the orb of Whack-A-Mole {light, rF+ Int+3 Dex+4}
 42715 | Vaults:5 | Noticed Frederick
 42717 | Vaults:5 | Killed an ancient lich
 42726 | Vaults:5 | Killed Frederick
 42973 | Vaults:5 | Found the +8 whip "Snakebite" {venom, curare, rPois}
 42985 | Vaults:5 | You add the spells Volatile Blastmotes and Maxwell's
                  | Capacitive Coupling to your library.
 42990 | Vaults:5 | Identified the +0 plate armour "Xiazygarph" {rCorr}
 43270 | Vaults:5 | Identified the ring of Ducwirum {rC++ Str+6 Slay-6}
 43299 | Vaults:5 | Identified the +6 scale mail of Death Resistance {rPois
                  | SInv}
 43358 | Vaults:5 | You add the spells Searing Ray and Chain Lightning to your
                  | library.
 43358 | Vaults:5 | Got Taelew's Writings on Striking
 43592 | Vaults:5 | You add the spells Borgnjor's Vile Clutch and Death Channel
                  | to your library.
 43597 | Vaults:5 | Got a silver rune of Zot
 44013 | Slime:1  | Entered Level 1 of the Pits of Slime
 44272 | Slime:2  | Reached XP level 25. HP: 237/237 MP: 32/34
 44432 | Slime:4  | Gained mutation: You are very dopey. (Int -4) [a shining
                  | eye]
 44433 | Slime:4  | Gained mutation: You occasionally lose the ability to drink
                  | potions when taking damage. [a shining eye]
 44441 | Slime:5  | Entered Level 5 of the Pits of Slime
 44501 | Slime:5  | Gained mutation: Your body sometimes deteriorates upon
                  | taking damage. [a shining eye]
 44524 | Slime:5  | Reached skill level 22 in Fighting
 44530 | Slime:5  | Noticed the Royal Jelly
 44712 | Slime:4  | Lost mutation: Your body sometimes deteriorates upon taking
                  | damage. [potion of mutation]
 44712 | Slime:4  | Lost mutation: Potions are less effective at restoring your
                  | health. [potion of mutation]
 44712 | Slime:4  | Lost mutation: You occasionally lose the ability to drink
                  | potions when taking damage. [potion of mutation]
 44712 | Slime:4  | Gained mutation: You are partially covered in iridescent
                  | scales. (AC +2) [potion of mutation]
 44712 | Slime:4  | Gained mutation: You are somewhat resistant to further
                  | mutation. [potion of mutation]
 44733 | Slime:5  | Killed the Royal Jelly
 44734 | Slime:5  | Reached skill level 15 in Throwing
 44834 | Slime:5  | You add the spells Borgnjor's Revivification and Death's
                  | Door to your library.
 44840 | Slime:5  | You add the spell Shatter to your library.
 44849 | Slime:5  | Identified the ring of Trepidation {Fly SInv}
 44866 | Slime:5  | Identified the amulet "Pyutt" {Faith Str+3}
 44870 | Slime:5  | Got a slimy rune of Zot
 44872 | Slime:5  | You add the spells Call Canine Familiar and Martyr's Knell
                  | to your library.
 44872 | Slime:5  | Got the Almanac of Cryomancy and the Union
 44880 | Slime:5  | Identified the +7 flail of Winter {spect, rC+ Dex-3 Stlth+}
 44910 | Slime:5  | Found the brooch of Shielding {Spirit SH+8}
 44946 | Slime:5  | You add the spell Cigotuvi's Dreadful Rot to your library.
 44946 | Slime:5  | Got the Spellbook of Reconfigured Concussion
 44948 | Slime:5  | Acquired 500 gold pieces
 44964 | Slime:5  | Identified the staff of Ebbopyj {rF+ rC+ Int+3 Ice}
 45561 | Zot:1    | Entered Level 1 of the Realm of Zot
 45575 | Zot:1    | Noticed an electric golem
 45581 | Zot:1    | Killed an electric golem
 45608 | Zot:1    | Identified the +3 long sword "Supt" {drain, *Slow rElec
                  | rCorr}
 45635 | Zot:1    | Identified the +3 scale mail of Rogiteb {rC+ Str+2 Int+3}
 45707 | Zot:2    | Reached skill level 22 in Armour
 45726 | Zot:2    | Reached skill level 20 in Dodging
 45797 | Zot:2    | Reached skill level 19 in Axes
 46097 | Zot:4    | Noticed an orb of fire
 46102 | Zot:4    | Lost intelligence.
 46102 | Zot:4    | Gained mutation: Your muscles are strong. (Str +4, Int/Dex
                  | -1) [an orb of fire]
 46106 | Zot:4    | Killed an orb of fire
 46107 | Zot:4    | Reached skill level 13 in Evocations
 46194 | Zot:3    | Lost mutation: You are partially covered in iridescent
                  | scales. (AC +2) [potion of mutation]
 46194 | Zot:3    | Lost mutation: You are very dopey. (Int -4) [potion of
                  | mutation]
 46194 | Zot:3    | Lost mutation: Your muscles are strong. (Str +4, Int/Dex
                  | -1) [potion of mutation]
 46194 | Zot:3    | Gained mutation: Your spells are a little easier to cast,
                  | but a little less powerful. [potion of mutation]
 46194 | Zot:3    | Gained mutation: You are robust. (+10% HP) [potion of
                  | mutation]
 46237 | Zot:5    | Entered Level 5 of the Realm of Zot
 46269 | Zot:5    | Identified the +2 glaive "Tyuskif" {elec, rC++}
 46842 | Zot:5    | Noticed an ancient lich
 46863 | Zot:5    | Killed an ancient lich
 46864 | Zot:5    | Reached XP level 26. HP: 241/273 MP: 21/34
 46864 | Zot:5    | Noticed a dread lich
 46868 | Zot:5    | Killed a dread lich
 46870 | Zot:5    | quicksilver dragon scales {rare}; a quicksilver dragon
                  | corpse
 46879 | Zot:5    | quicksilver dragon scales {rare}; a quicksilver dragon
                  | corpse
 46883 | Zot:5    | quicksilver dragon scales {rare}; a quicksilver dragon
                  | corpse
 46883 | Zot:5    | Noticed a dread lich
 46887 | Zot:5    | quicksilver dragon scales {rare}; a quicksilver dragon
                  | corpse
 46900 | Zot:5    | Killed a dread lich
 47045 | Zot:5    | quicksilver dragon scales {rare}; a quicksilver dragon
                  | corpse
 47049 | Zot:5    | quicksilver dragon scales {rare}; a quicksilver dragon
                  | corpse
 47054 | Zot:5    | Noticed an electric golem
 47066 | Zot:5    | Killed an electric golem
 47067 | Zot:5    | Reached skill level 16 in Throwing
 47078 | Zot:5    | Noticed an ancient lich
 47087 | Zot:5    | Killed an ancient lich
 47092 | Zot:5    | Reached skill level 23 in Fighting
 47093 | Zot:5    | Noticed an ancient lich
 47098 | Zot:5    | Noticed a dread lich
 47102 | Zot:5    | Noticed a curse toe
 47105 | Zot:5    | Killed an ancient lich
 47110 | Zot:5    | Noticed a dread lich
 47119 | Zot:5    | Noticed an orb of fire
 47124 | Zot:5    | Killed a dread lich
 47126 | Zot:5    | Killed a dread lich
 47136 | Zot:5    | Killed an orb of fire
 47139 | Zot:5    | Killed a curse toe
 47182 | Zot:5    | Reached skill level 20 in Axes
 47191 | Zot:5    | Noticed an ancient lich
 47201 | Zot:5    | Killed an ancient lich
 47227 | Zot:5    | Reached skill level 23 in Armour
 47274 | Zot:5    | Got the Orb of Zot
 47289 | Zot:5    | Reached skill level 21 in Dodging
 47311 | Zot:5    | Noticed an electric golem
 47327 | Zot:5    | Killed an electric golem
 47508 | Zot:2    | Reached skill level 14 in Evocations
 48023 | D:$      | Escaped with the Orb!

Vanquished Creatures
  the Royal Jelly (Slime:5)
  Frederick (Vaults:5)
  7 ancient liches
  7 dread liches
  2 orbs of fire
  Sojobo (Vaults:5)
  2 Killer Klowns (Zot:5)
  A caustic shrike (Depths:3)
  Saint Roka (Vaults:5)
  5 golden dragons
  A curse toe (Zot:5)
  Nikola (Swamp:1)
  A bone dragon (Depths:4)
  3 electric golems
  3 Brimstone Fiends
  14 tentacled monstrosities
  Mlioglotl (Spider:1)
  29 Orb Guardians
  7 titans
  6 quicksilver dragons
  An Ice Fiend (Zot:2)
  A lich (Vaults:5)
  The ghost of endersaim the Spry, an adept MfSk of Qazlal (Spider:2)
  21 acid blobs
  2 deep elf master archers (Elf:3)
  8 death cobs
  A walking divine tome (Depths:3)
  3 deep elf blademasters
  An Executioner (Depths:1)
  2 thorn hunters (Swamp:3)
  7 sphinxes
  12 tengu reavers
  8 shadow dragons
  4 rockslimes
  Donald (Spider:1)
  6 storm dragons
  A fenstrider witch (Swamp:4)
  11 azure jellies
  A protean progenitor (Zot:4)
  9 fire giants
  5 draconian monks
  9 emperor scorpions
  3 draconian shifters
  8 frost giants
  A caustic shrike zombie (D:14)
  3 imperial myrmidons (Desolation)
  3 iron dragons
  4 draconian scorchers
  3 draconian knights
  3 deep elf elementalists (Elf:3)
  5 ghost moths
  5 deep elf sorcerers
  Louise (Spider:3)
  8 very ugly things
  19 vault wardens
  3 draconian stormcallers
  2 draconian annihilators
  A spriggan defender (Depths:3)
  17 ironbound preservers
  19 stone giants
  14 quicksilver oozes
  3 formless jellyfish
  5 broodmothers
  6 eleionomae
  7 ironbound thunderhulks
  6 deep elf death magi
  8 deep elf demonologists (Elf:3)
  7 green draconians
  A dire elephant (Vaults:2)
  A spectral titan (D:14)
  A lorocyproca (Depths:1)
  6 purple draconians
  9 black draconians
  8 deep elf annihilators
  5 red draconians
  2 halazid warlocks (Desolation)
  6 white draconians
  The ghost of Neisk the Destroyer, a journeyman DgHW (D:14)
  11 spark wasps
  4 war gargoyles
  6 yellow draconians
  2 bunyips
  11 ettins
  A merfolk javelineer (Depths:1)
  A quicksilver dragon zombie (D:15)
  Josephine (Lair:4)
  2 shambling mangroves
  10 ragged hierophants (Desolation)
  11 fire dragons
  4 great orbs of eyes
  18 yaktaur captains
  3 deep elf high priests
  5 ogre magi
  15 hydras
  8 ice dragons
  32 vault guards
  3 jiangshi (Depths:4)
  5 rakshasas
  5 entropy weavers
  Erolcha (D:9)
  2 jorogumos
  2 ghost crabs
  10 servants of whispers (Desolation)
  3 catoblepae (Lair:5)
  7 peacekeepers
  9 spriggan air magi
  13 alligators
  14 ironbound frosthearts
  5 radroaches
  A spectral frost giant (D:14)
  A spectral fire giant (D:14)
  5 boulder beetles
  36 dancing weapons
  3 centaur warriors
  3 death knights
  A sphinx skeleton (D:15)
  17 two-headed ogres
  4 demonic crawlers
  7 death yaks (Lair:5)
  A hell hog (Volcano)
  6 deep troll earth magi
  5 deep troll shamans
  6 tengu warriors
  3 vampire magi
  A death scarab (Spider:4)
  3 soul eaters
  2 occultists
  Urug (D:13)
  4 spriggan berserkers
  A shock serpent (shapeshifter) (Vaults:5)
  13 spriggans
  2 orc high priests (Vaults:5)
  3 hell knights
  A sun demon (Depths:4)
  Nergalle (D:10)
  2 skysharks
  16 deep elf knights
  Amaemon (Lair:2)
  4 iron trolls
  7 skeletal warriors
  A sixfirhy (D:5)
  2 wretched stars (Abyss:1)
  A death drake (shapeshifter) (Depths:3)
  2 goliath frogs (Swamp:2)
  14 deep elf archers
  7 pharaoh ants
  2 sun moths
  A salamander mystic (Depths:4)
  6 spriggan druids
  19 orb spiders
  3 bog bodies
  7 glowing orange brains
  A flayed ghost (Depths:3)
  A shadow demon (Depths:4)
  9 swamp dragons
  29 ironbound convokers
  A mana viper (shapeshifter) (Vaults:5)
  A steelbarb worm (shapeshifter) (Depths:4)
  38 deep trolls
  4 phantasmal warriors
  10 arcanists
  14 lindwurms
  12 steelbarb worms
  The ghost of peterlawrence the Basher, a novice MiFi (D:6)
  2 harpies
  27 deep elf pyromancers
  5 orc knights
  20 deep elf zephyrmancers
  A spectral ettin (D:14)
  2 necromancers
  A frost giant zombie (D:14)
  10 cyclopes
  Maurice (D:11)
  2 will-o-the-wisps
  2 manticores (Lair:5)
  An orc sorcerer (Orc:1)
  28 wolf spiders
  5 shining eyes
  A faun (shapeshifter) (Vaults:5)
  A spectral deep troll (Depths:1)
  51 ugly things
  A large abomination (D:3)
  7 salamanders
  21 moths of wrath
  2 kobold blastminers (Orc:1)
  9 meliai
  15 vault sentinels
  A stone giant skeleton (Vaults:3)
  3 guardian serpents
  3 black mambas
  An orange demon (Lair:2)
  2 black mambas (shapeshifter) (Elf:3)
  6 eyes of devastation
  2 molten gargoyles
  A smoke demon (Depths:4)
  2 torpor snails
  A water nymph (shapeshifter) (Depths:2)
  9 elephants
  2 gargoyles
  5 rime drakes
  A spark wasp simulacrum (D:14)
  16 cane toads
  An efreet (D:9)
  4 komodo dragons
  39 yaktaurs
  6 tengu conjurers (Depths:2)
  A tormentor (Zot:5)
  4 freezing wraiths
  A shadow dragon simulacrum (D:14)
  A bloated husk (Swamp:2)
  2 ancient zymes (Abyss:1)
  13 hornets
  16 trolls
  15 tyrant leeches
  A polar bear (Lair:5)
  4 glass eyes
  64 saltlings (Desolation)
  12 dream sheep
  37 tarantellas
  18 blink frogs
  38 jumping spiders
  32 culicivoras
  85 slime creatures
  An ettin skeleton (Vaults:3)
  11 water elementals
  5 air elementals
  A ynoxinul (D:13)
  3 shadows
  An elf zombie (Vaults:3)
  A fire bat (Volcano)
  7 wraiths
  A wyvern (D:9)
  6 fire elementals
  20 yaks
  9 basilisks
  A redback (shapeshifter) (Vaults:5)
  A neqoxec (Abyss:1)
  2 steam dragons
  5 golden eyes (Slime:5)
  74 redbacks
  15 vampire mosquitoes
  A warg (Orc:1)
  9 swamp worms
  5 acid dragons
  A two-headed ogre zombie (D:10)
  A glowing shapeshifter skeleton (Vaults:3)
  9 water moccasins
  5 hell hounds
  5 swamp drakes
  4 ice beasts
  13 orc warriors
  2 sky beasts
  2 black bears
  2 crocodiles (Sewer)
  24 ogres
  A boggart (shapeshifter) (D:9)
  10 centaurs
  2 phantoms
  3 kobold brigands
  11 bullfrogs
  Blork the orc (D:4)
  4 gnoll sergeants
  An ogre simulacrum (Vaults:3)
  3 earth elementals
  A small abomination (Abyss:1)
  3 scorpions (D:4)
  11 wights
  14 killer bees
  3 troll zombies (D:10)
  5 howler monkeys (D:11)
  8 electric eels
  4 hounds
  A wyvern simulacrum (D:6)
  2 bombardier beetles
  5 jellies
  8 orc priests
  An iguana (D:5)
  Terence (D:2)
  12 orc wizards
  A sickly merfolk siren (Sewer)
  A malarious merfolk avatar (Sewer)
  4 ogre zombies (D:10)
  16 gnolls
  16 adders
  5 river rats
  2 shadow imps
  3 white imps
  2 ufetubi (Abyss:1)
  A ribbon worm (D:3)
  2 dart slugs
  39 orcs
  11 endoplasms
  6 giant cockroaches
  7 goblins
  11 hobgoblins
  2 jackals (D:4)
  29 kobolds
  3 quokkas
  9 ball pythons
  9 bats
  13 frilled lizards
  6 gnoll zombies (D:10)
  An orc skeleton (D:10)
  18 orc zombies (D:10)
  31 rats
  3 spectral weapons
2261 creatures vanquished.

Vanquished Creatures (collateral kills)
  A hydra (D:9)
1 creature vanquished.

Vanquished Creatures (others)
  Asterion (Spider:1)
  3 deep elf knights
  A deep elf zephyrmancer (Elf:3)
  A tarantella (Spider:4)
  2 bloated husks (Swamp:1)
  A jumping spider (Spider:2)
  An orc wizard (Vaults:5)
  30 foxfires
  136 spectral weapons
176 creatures vanquished.

Grand Total: 2438 creatures vanquished

Table legend:
 A = Non-vault XP
 B = Vault XP
 C = Vault XP percentage of total XP
 D = Non-vault monster count
 E = Vault monster count
 F = Vault count percentage of total count
                 A         B        C        D         E       F
            +---------+---------+-------+---------+---------+-------
      Total |  666137 |  656540 |  49.6 |    1362 |     859 |  38.7
            +---------+---------+-------+---------+---------+-------
        D:1 |      30 |       0 |   0.0 |      18 |       0 |   0.0
        D:2 |      59 |     100 |  62.9 |      21 |      19 |  47.5
        D:3 |      94 |       0 |   0.0 |      21 |       0 |   0.0
        D:4 |     740 |      91 |  11.0 |      30 |       1 |   3.2
        D:5 |     563 |       0 |   0.0 |      11 |       0 |   0.0
        D:6 |     460 |     995 |  68.4 |      18 |      11 |  37.9
        D:7 |    1457 |       0 |   0.0 |      25 |       0 |   0.0
        D:8 |     631 |       0 |   0.0 |      15 |       0 |   0.0
        D:9 |    1059 |    6759 |  86.5 |      11 |      17 |  60.7
       D:10 |    3569 |    2920 |  45.0 |      23 |      43 |  65.2
       D:11 |    6225 |     538 |   8.0 |      23 |       1 |   4.2
       D:12 |    4254 |     677 |  13.7 |      13 |       2 |  13.3
       D:13 |    4978 |     792 |  13.7 |      10 |       1 |   9.1
       D:14 |    6813 |    8330 |  55.0 |      15 |      12 |  44.4
       D:15 |   14372 |    5412 |  27.4 |      29 |       7 |  19.4
     Lair:1 |    5023 |     649 |  11.4 |      17 |       1 |   5.6
     Lair:2 |    6998 |    3080 |  30.6 |      23 |       5 |  17.9
     Lair:3 |    2147 |       0 |   0.0 |      14 |       0 |   0.0
     Lair:4 |    6662 |    1702 |  20.3 |      21 |       8 |  27.6
     Lair:5 |    9298 |   11532 |  55.4 |      27 |      23 |  46.0
    Swamp:1 |    6821 |    2531 |  27.1 |      15 |       1 |   6.2
    Swamp:2 |   15351 |       0 |   0.0 |      27 |       0 |   0.0
    Swamp:3 |   11380 |    8177 |  41.8 |      25 |       9 |  26.5
    Swamp:4 |   18045 |    9306 |  34.0 |      34 |      17 |  33.3
   Spider:1 |   31259 |    4794 |  13.3 |      82 |       3 |   3.5
   Spider:2 |   23935 |    1643 |   6.4 |      64 |       1 |   1.5
   Spider:3 |   29935 |    1858 |   5.8 |      69 |       2 |   2.8
   Spider:4 |   19375 |   20790 |  51.8 |      45 |      38 |  45.8
    Slime:1 |   12964 |       0 |   0.0 |      17 |       0 |   0.0
    Slime:2 |   11598 |       0 |   0.0 |      28 |       0 |   0.0
    Slime:3 |    7935 |       0 |   0.0 |      15 |       0 |   0.0
    Slime:4 |     509 |       0 |   0.0 |       1 |       0 |   0.0
    Slime:5 |   18095 |   23676 |  56.7 |      35 |      17 |  32.7
      Orc:1 |    5344 |       0 |   0.0 |      32 |       0 |   0.0
      Orc:2 |    1430 |   15877 |  91.7 |      12 |      46 |  79.3
      Elf:1 |   11956 |   10392 |  46.5 |      22 |      19 |  46.3
      Elf:2 |   17174 |   19796 |  53.5 |      27 |      28 |  50.9
      Elf:3 |   20966 |   32393 |  60.7 |      34 |      29 |  46.0
   Vaults:1 |   25559 |    6499 |  20.3 |      39 |      12 |  23.5
   Vaults:2 |   26015 |   11157 |  30.0 |      39 |      17 |  30.4
   Vaults:3 |   21891 |   30305 |  58.1 |      29 |      38 |  56.7
   Vaults:4 |   23361 |   31058 |  57.1 |      34 |      37 |  52.1
   Vaults:5 |   25780 |  121909 |  82.5 |      35 |     102 |  74.5
   Depths:1 |   29599 |    1319 |   4.3 |      35 |       2 |   5.4
   Depths:2 |   23702 |   24854 |  51.2 |      31 |      26 |  45.6
   Depths:3 |   16939 |   48676 |  74.2 |      21 |      38 |  64.4
   Depths:4 |   22883 |   27917 |  55.0 |      29 |      27 |  48.2
      Zot:1 |   11559 |    2500 |  17.8 |      10 |       1 |   9.1
      Zot:2 |   27889 |       0 |   0.0 |      25 |       0 |   0.0
      Zot:3 |   16098 |    5787 |  26.4 |      14 |       5 |  26.3
      Zot:4 |   23444 |       0 |   0.0 |      19 |       0 |   0.0
      Zot:5 |   29438 |   95219 |  76.4 |      25 |      38 |  60.3
    Abyss:1 |    2476 |       0 |   0.0 |       8 |       0 |   0.0
      Sewer |       0 |     397 | 100.0 |       0 |      43 | 100.0
    Volcano |       0 |    3729 | 100.0 |       0 |       9 | 100.0
 Desolation |       0 |   50404 | 100.0 |       0 |     103 | 100.0
            +---------+---------+-------+---------+---------+-------

Skill      XL: |  1  2  3  4  5  6  7  8  9 10 11 12 13 14 15 16 17 18 19 20 21 22 23 24 25 26 |
---------------+-------------------------------------------------------------------------------+-----
Axes           | 3 4 5 7 8 10 12 13 15 16 17 18 19 20 | 20.4
Dodging        | 1 2 3 4 6 7 8 9 10 11 12 13 14 15 16 17 18 19 20 21 | 21.2
Fighting       | 4 5 6 8 9 10 11 12 13 14 15 16 17 18 19 20 21 22 23 | 23.5
Shields        | 4 5 6 7 9 10 11 12 13 14 15 16 17 18 19 20 21 | 21.2
Armour         | 4 5 6 7 9 10 11 12 13 14 15 16 17 18 19 20 21 22 23 | 23.3
Invocations    | 2 4 6 7 9 10 11 12 13 14 15 16 | 16.5
Throwing       | 4 6 7 8 10 11 12 13 14 15 16 | 16.0
Evocations     | 3 5 6 7 8 10 11 12 13 14 | 14.1

Action                     |  1- 3 |  4- 6 |  7- 9 | 10-12 | 13-15 | 16-18 | 19-21 | 22-24 | 25-27 || total
---------------------------+-------+-------+-------+-------+-------+-------+-------+-------+-------++-------
  Melee: War axe           |    60 |   113 |   376 |   217 |       |       |       |       |       ||   766
         Headbutt          |     5 |    18 |    58 |   116 |   183 |   214 |   274 |   303 |   190 ||  1361
         Broad axe         |       |       |       |   264 |   804 |   751 |   899 |  1016 |   523 ||  4257
         Mace              |       |       |       |     3 |       |       |       |       |       ||     3
         Flail             |       |       |       |       |    35 |    45 |       |       |       ||    80
  Throw: Javelin           |       |       |       |       |       |       |       |       |     4 ||     4
  Evoke: Wand              |       |       |       |       |       |     2 |       |       |     1 ||     3
    Use: Scroll            |     2 |    10 |     9 |    10 |     8 |     6 |     4 |     5 |     7 ||    61
         Potion            |       |       |     1 |     3 |       |     6 |       |     3 |     6 ||    19
   Stab: Petrified         |       |       |       |       |     9 |       |       |       |       ||     9
         Petrifying        |       |       |       |       |     1 |       |       |       |       ||     1
         Distracted        |       |       |       |       |     4 |    12 |    18 |    27 |    12 ||    73
         Invisible         |       |       |       |       |       |       |       |     6 |       ||     6
 Armour: Scale mail        |    42 |    45 |       |       |       |       |       |       |       ||    87
         Plate armour      |       |    45 |   188 |   311 |   422 |   593 |   363 |   421 |   163 ||  2506
  Dodge: Dodged            |    30 |    55 |   212 |   224 |   316 |   509 |   359 |   451 |   206 ||  2362
  Block: Buckler           |    19 |    31 |   135 |   190 |       |       |       |       |       ||   375
         Reflection        |       |       |     3 |    13 |    16 |       |       |       |       ||    32
         Kite shield       |       |       |       |   148 |   608 |   610 |   494 |   552 |   296 ||  2708

Illustrated notes

Table legend:
 A = Kills in this place as a percentage of kills in the entire game.
 B = Kills by you in this place as a percentage of kills by you in the entire game.
 C = Kills by friends in this place as a percentage of kills by friends in the entire game.
 D = Other kills in this place as a percentage of other kills in the entire game.
 E = Experience gained in this place as a percentage of experience gained in the entire game.
 F = Experience gained in this place divided by the number of levels of this place that you have seen.
                   A       B       C       D       E      F
               +-------+-------+-------+-------+-------+----------------------
         Total | 100.0 | 100.0 | 100.0 | 100.0 | 100.0 | 22858.4
       Dungeon |  18.0 |  18.0 | 100.0 |   0.0 |   5.9 | 5301.3
          Lair |   6.2 |   6.2 |   0.0 |   0.0 |   3.5 | 9418.2
         Swamp |   5.7 |   5.7 |   0.0 |   0.0 |   5.3 | 17902.8
   Spider Nest |  13.5 |  13.5 |   0.0 |  33.3 |   9.9 | 33397.2
    Slime Pits |   5.0 |   5.0 |   0.0 |   0.0 |   5.5 | 14955.4
  Orcish Mines |   4.0 |   4.0 |   0.0 |   0.0 |   1.7 | 11325.5
   Elven Halls |   7.1 |   7.0 |   0.0 |  50.0 |   8.4 | 37559.0
        Vaults |  17.0 |  17.0 |   0.0 |  16.7 |  24.0 | 64706.8
        Depths |   9.7 |   9.7 |   0.0 |   0.0 |  15.4 | 52078.2
           Zot |   6.5 |   6.5 |   0.0 |   0.0 |  16.2 | 43575.2
         Abyss |   0.4 |   0.4 |   0.0 |   0.0 |   0.2 | 2476.0
         Sewer |   1.9 |   1.9 |   0.0 |   0.0 |   0.0 | 397.0
       Volcano |   0.4 |   0.4 |   0.0 |   0.0 |   0.3 | 3729.0
    Desolation |   4.6 |   4.6 |   0.0 |   0.0 |   3.7 | 50404.0
               +-------+-------+-------+-------+-------+----------------------

Table legend: (Time is in decaauts)
 A = Elapsed time spent in this place.
 B = Non-inter-level travel time spent in this place.
 C = Inter-level travel time spent in this place.
 D = Time resting spent in this place.
 E = Time spent auto-exploring this place.
 F = Levels seen in this place.
 G = Mean time per level.
                   A        B        C        D        E       F      G
               +--------+--------+--------+--------+--------+-----+--------+
         Total |  47491 |  42423 |   5068 |   2365 |  29994 |  59 |  804.9 |
       Dungeon |  14521 |  12175 |   2346 |    471 |   9285 |  15 |  968.1 |
        Temple |      1 |      0 |      1 |      0 |      0 |   1 |    1.0 |
          Lair |   5171 |   4665 |    506 |    152 |   3242 |   5 | 1034.2 |
         Swamp |   4160 |   3967 |    193 |    553 |   2812 |   4 | 1040.0 |
   Spider Nest |   3359 |   3106 |    253 |    346 |   1760 |   4 |  839.8 |
    Slime Pits |   1124 |    988 |    136 |    167 |    549 |   5 |  224.8 |
  Orcish Mines |   1062 |    875 |    187 |      0 |    626 |   2 |  531.0 |
   Elven Halls |   2894 |   2560 |    334 |      0 |   1955 |   3 |  964.7 |
        Vaults |   6654 |   6069 |    585 |     96 |   4843 |   5 | 1330.8 |
        Depths |   4246 |   3856 |    390 |      0 |   3028 |   4 | 1061.5 |
           Zot |   1908 |   1775 |    133 |    244 |    640 |   5 |  381.6 |
         Abyss |    553 |    553 |      0 |     77 |    326 |   1 |  553.0 |
        Bazaar |    434 |    434 |      0 |      0 |    335 |   2 |  217.0 |
         Sewer |    279 |    279 |      0 |      0 |    133 |   1 |  279.0 |
       Volcano |    473 |    473 |      0 |    259 |     94 |   1 |  473.0 |
    Desolation |    645 |    645 |      0 |      0 |    362 |   1 |  645.0 |
               +--------+--------+--------+--------+--------+-----+--------+

Top non-repeatable levels by time:
 Swamp:3: 1552 daAuts
    D:13: 1542 daAuts
Vaults:1: 1474 daAuts
Vaults:4: 1474 daAuts
  Lair:5: 1437 daAuts
Vaults:3: 1401 daAuts
     D:9: 1373 daAuts
Depths:2: 1357 daAuts
Vaults:5: 1343 daAuts
Spider:3: 1303 daAuts
  Lair:1: 1126 daAuts
    D:15: 1102 daAuts
Depths:4: 1074 daAuts
 Swamp:2: 1065 daAuts
   Elf:3: 1017 daAuts
